 Dungeon Crawl Stone Soup version bcrawl-1.12-5-g74a5124548 (webtiles) character file.

Game seed: 5962290819492636645

59 MisterOstroum the Skirmisher (level 3, -7/29 HPs)
             Began as a Demonspawn Archaeologist on May 31, 2019.
             Killed from afar by an orc wizard (10 damage)
             ... with a magic dart
             ... on level 3 of the Dungeon.
             The game lasted 00:06:26 (2273 turns).

MisterOstroum the Skirmisher (DsAc)                 Turns: 2273, Time: 00:06:26

Health: -7/29      AC:  8    Str: 12    XL:     3   Next: 78%
Magic:  3/3        EV: 12    Int: 15    God:
Gold:   204        SH:  0    Dex: 11    Spells: 2/2 levels left

rFire    . . .     SeeInvis .   v - +0 long sword
rCold    . . .     Gourm    .   (no shield)
rNeg     . . .     Faith    .   n - +0 leather armour
rPois    .         Spirit   .   b - +1 hat
rElec    .         Reflect  .   (no cloak)
rCorr    .         Harm     .   d - +1 pair of gloves
MR       .....                  c - +1 pair of boots
Stlth    +++.......             (no amulet)
HPRegen  0.09/turn              (no ring)
MPRegen  0.08/turn              (no ring)

@: studying Dodging
A: horns 1, nightstalker 1
a: no special abilities


You were on level 3 of the Dungeon.
You were not hungry.

You visited 1 branch of the dungeon, and saw 3 of its levels.

You collected 204 gold pieces.

Inventory:

Hand Weapons
 a - a +0 short sword
 v - a +0 long sword (weapon)
Missiles
 i - 669 stones (quivered)
Armour
 b - a +1 hat (worn)
 c - a +1 pair of boots (worn)
 d - a +1 pair of gloves (worn)
 n - a +0 leather armour (worn)
 q - a +1 robe
Scrolls
 h - 5 scrolls of identify {unknown}
 j - a scroll of noise {unknown}
 l - a scroll of amnesia {unknown}
 o - 2 scrolls of remove curse {unknown}
 p - a scroll of immolation {unknown}
 r - a scroll of enchant armour {unknown}
 t - a scroll of teleportation {unknown}
Potions
 k - 2 potions of might {unknown}
 m - a potion of curing {unknown}
 s - 2 potions of mutation {unknown}
 u - a potion of ambrosia {unknown}
Books
 g - a manual of Dodging
Miscellaneous
 f - an ancient crate
Comestibles
 e - 4 rations {!d}


   Skills:
 + Level 3.4 Fighting
 + Level 3.3 Dodging
 - Level 3.0 Stealth


You had 2 spell levels left.
You didn't know any spells.
Your spell library was empty.

Dungeon Overview and Level Annotations

Branches:
Dungeon (3/12)

Altars:
Nemelex Xobeh

Annotations:
D:3 exclusion: upstairs


Innate Abilities, Weirdness & Mutations

You have a pair of small horns on your head.
You are slightly more attuned to the shadows.


Message History

You butcher the adder corpse.
w - a chunk of flesh;
w - 2 chunks of flesh (gained 1)
Things that are here:
a rat skeleton; an adder skeleton Eat one of 2 chunks of flesh? (ye/n/q)
You eat one of the 2 chunks of flesh.
This raw flesh tastes terrible.
Things that are here:
a rat skeleton; an adder skeleton There isn't anything to butcher here.
Eating a chunk of flesh.
You eat the chunk of flesh.
This raw flesh tastes terrible.
h - 5 scrolls labeled KIBLER CEFOGOU (gained 1)
The sky beast is too close now for your liking.
A hobgoblin comes into view. It is wielding a +0 club.
Throwing (i - inventory)
i - 671 stones (quivered)
Press: ? - help, Shift-Dir - straight line, f - hobgoblin
Aim: a hobgoblin, wielding a +0 club (resting)
You throw a stone. The stone hits the hobgoblin.
The hobgoblin shouts!
The hobgoblin is lightly wounded.
You hear a shout!
An orc priest comes into view. It is wielding a +0 war axe.
The orc priest shouts!
You hear a shout!
The orc priest calls down the wrath of Beogh upon you.
Beogh smites you!
An orc comes into view. It is wielding a -1 whip.
You hear a shout!
You start resting.
HP restored.
No target in view!
An orc wizard comes into view. It is wielding a +0 short sword.
An orc comes into view. It is wielding a +0 flail.
An orc wizard comes into view. It is wielding a +0 dagger.
Throwing (i - inventory)
i - 670 stones (quivered)
Press: ? - help, Shift-Dir - straight line, f - orc
Aim: an orc, wielding a +0 flail (hasn't noticed you)
You throw a stone. The orc wizard shouts!
The stone hits the orc.
The orc is lightly wounded.
You hear a shout! x2
The orc wizard mumbles some strange words.
The orc wizard seems to speed up.
The orc wizard casts a spell.
The orc wizard blinks!
The orc wizard barely misses you.
The orc wizard gestures at you while chanting.
The magic dart hits you!
The orc jeers to no one in particular.
The orc wizard hits you but does no damage.
You hit the orc wizard but do no damage.
You headbutt the orc wizard, but do no damage.
The orc wizard hits you with a +0 dagger.
The orc wizard hits you but does no damage.
You closely miss the orc wizard. Your headbutt misses the orc wizard.
The orc wizard casts a spell at you. The magic dart hits you!
The orc wizard hits you with a +0 dagger.
You closely miss the orc wizard. The orc wizard barely misses you.
The orc wizard casts a spell at you. The magic dart hits you!
You hit the orc wizard.
The orc wizard is heavily wounded.
The orc wizard hits you but does no damage.
You barely miss the orc wizard.
You hit the orc wizard but do no damage.
Your headbutt misses the orc wizard.
The orc wizard gestures at you while chanting.
You resist with significant effort.
The orc wizard mumbles some strange words.
The orc wizard blinks!
The orc wizard barely misses you.
The orc priest shouts!
You hit the orc wizard.
The orc wizard is lightly wounded.
The orc wizard barely misses you.
The orc wizard casts a spell.
The orc wizard blinks!
The orc wizard is no longer moving quickly.
The orc wizard casts a spell at you. The magic dart hits you!
* * * LOW HITPOINT WARNING * * *
The orc wizard mumbles some strange words.
The orc wizard seems to speed up.
The orc wizard gestures at you while chanting.
The magic dart hits you!
* * * LOW HITPOINT WARNING * * *
The orc wizard mumbles some strange words.
The orc wizard blinks!
The orc wizard hits you with a +0 short sword.
* * * LOW HITPOINT WARNING * * *
The orc wizard casts a spell.
The orc wizard blinks!
The orc wizard hits you but does no damage.
You barely miss the orc wizard. Your headbutt misses the orc wizard.
The orc wizard barely misses you. The orc wizard closely misses you.
The orc wizard barely misses you.
The orc wizard hits you but does no damage.
The orc wizard points at you and mumbles some strange words.
The magic dart hits you!
You die...

#.# #...######..##≈ #.#
###............♣ #.#
#.....######.#≈♣ #.# #....##
#.#♣♣ #.# #.##.# #.#♣ ####.#
#.##.#######..♣ .....#
#.##.........♣♣≈
####.#############.##.........≈≈P
............o.oo@....#.######.♣♣≈
.#....##.#.#####.###.#.# ##≈♣
#.#...##.#.# #.# #...# ♣≈≈
._.#..##.#.# #.###.### ≈≈
#.#..###.#o# #.....# ≈ .#...#
#.#.# ####### ≈ .....# #.#o#
#.######.#.# #..........#


You could see 2 orc wizards and an orc.

Vanquished Creatures
  An adder (D:3)
  An ooze (D:2)
  A worm (D:2)
  3 dart slugs
  A leopard gecko (D:1)
  3 hobgoblins
  2 jackals (D:1)
  A ball python (D:2)
  7 bats
  4 frilled lizards
  2 goblins (D:1)
  6 kobolds
  7 rats
39 creatures vanquished.

Notes
Turn   | Place    | Note
-------+----------+-------------------------------------------
     0 | D:1      | MisterOstroum the Demonspawn Archaeologist began the quest
                  | for the Orb.
     0 | D:1      | Reached XP level 1. HP: 15/15 MP: 1/1
   315 | D:1      | Gained mutation: You have a pair of small horns on your
                  | head. [demonic ancestry]
   315 | D:1      | Reached XP level 2. HP: 15/22 MP: 2/2
   791 | D:2      | Found a sparkling altar of Nemelex Xobeh.
   994 | D:2      | Gained mutation: You are slightly more attuned to the
                  | shadows. [demonic ancestry]
   994 | D:2      | Reached XP level 3. HP: 29/29 MP: 3/3
  1685 | D:3      | Noticed a sky beast
  1934 | D:3      | Found a faded altar of an unknown god.
  2273 | D:3      | Killed from afar by an orc wizard

Skill      XL: |  1  2  3 |
---------------+----------+-----
Fighting       | 2 3 |  3.4
Dodging        | 3 |  3.3
Stealth        | |  3.0

Action                   || total
-------------------------++-------
Melee: Club              ||    36
       Short sword       ||    76
       Headbutt          ||    15
       Long sword        ||    22
Throw: Stone             ||    93
 Stab: Sleeping          ||     1
  Eat: Chunk             ||     4
Armor: Robe              ||    15
       Leather armour    ||    33
Dodge: Dodged            ||    79
